 Dungeon Crawl Stone Soup version 0.21.1-1-g345015f (webtiles) character file.

427 kae the Insei (level 6, -5/61 HPs)
             Began as an Octopode Transmuter on May 26, 2018.
             Was an Initiate of Cheibriados.
             Killed by divine providence
             ... invoked by an orc priest
              (14 damage)
             ... on level 4 of the Dungeon.
             The game lasted 00:02:57 (4002 turns).

kae the Insei (Octopode Transmuter)                 Turns: 4002, Time: 00:02:58

Health: -5/61      AC: 23    Str: 10    XL:     6   Next: 97%
Magic:  10/10      EV:  2    Int: 17    God:    Cheibriados [......]
Gold:   135        SH:  0    Dex: 15    Spells: 5/11 levels left

rFire    . . .     SeeInvis .     - Unarmed
rCold    . . .     Gourm    .   (no shield)
rNeg     + + +     Faith    .   (helmet currently unavailable)
rPois    +         Spirit   .   (no amulet)
rElec    .         Reflect  .   n - ring of loudness (curse)
rCorr    .         Harm     .   (no ring)
MR       .....     NoTele   +   (no ring)
Stlth    ..........             (no ring)
HPRegen  0.20/turn              (no ring)
MPRegen  0.12/turn              (no ring)
                                (no ring)
                                (no ring)

@: tree-form, very slow
A: almost no armour, stealthy swim, (amphibious), 8 rings, (constrict 8)
a: Bend Time, Renounce Religion


You were on level 4 of the Dungeon.
You worshipped Cheibriados.
Cheibriados was noncommittal.
You were very hungry.
You were a tree.
You visited 2 branches of the dungeon, and saw 6 of its levels.

You collected 135 gold pieces.

Inventory:

Missiles
 a - 93 arrows
Jewellery
 n - a cursed ring of loudness (left branch)
 v - an uncursed ring of wizardry {unknown}
Scrolls
 e - a scroll of enchant weapon {unknown}
 f - 3 scrolls of teleportation {unknown}
 i - a scroll of identify {unknown}
 k - 4 scrolls of remove curse {unknown}
 o - a scroll of noise {unknown}
 s - a scroll of fear {unknown}
 x - a scroll of random uselessness {unknown}
Potions
 d - a potion of curing
 h - 2 potions of ambrosia {unknown}
 j - a potion of haste {unknown}
 l - a potion of heal wounds {unknown}
 m - 2 potions of might {unknown}
 p - a potion of mutation {unknown}
 q - 2 potions of brilliance {unknown}
 r - a potion of berserk rage {unknown}
 t - a potion of degeneration {unknown}
 u - a potion of flight {unknown}
Books
 b - a book of Changes

   Spells                             Type                      Level
   a - Beastly Appendage              Transmutation                1
   b - Sticks to Snakes               Transmutation                2
   c - Spider Form                    Transmutation/Poison         3
   d - Ice Form                       Ice/Transmutation            4
   e - Blade Hands                    Transmutation                5
Comestibles
 c - 6 rations


   Skills:
 + Level 2.5 Fighting
 + Level 3.1 Dodging
 * Level 4.7 Unarmed Combat
 + Level 3.0 Spellcasting
 * Level 4.2 Transmutations


You had 5 spell levels left.
You knew the following spells:

 Your Spells              Type           Power        Failure   Level  Hunger
a - Beastly Appendage     Tmut           ###...       3%          1    None
b - Sticks to Snakes      Tmut           ###.....     4%          2    ##.....
c - Spider Form           Tmut/Pois      #.........   22%         3    ###....


Dungeon Overview and Level Annotations

Branches:
Dungeon (5/15)             Temple (1/1) D:4

Altars:
Cheibriados
Dithmenos
Kikubaaqudgha
Makhleb
Nemelex Xobeh
Ru
Trog
Vehumet
Zin

Shops:
D:4 :


Innate Abilities, Weirdness & Mutations

You cannot wear most types of armour.
You are very stealthy in the water. (Stealth+)
((You are amphibious.))
You can wear up to eight rings at the same time.
((You can use your tentacles to constrict eight enemies at once.))
((Your skin changes colour to match your surroundings (Stealth+).))
((Your rubbery body absorbs attacks. (AC +1, EV +1)))


Message History

The orc hits you but does no damage.
The worker ant bites you but does no damage.
You hit the worker ant.
You kill the worker ant!
Cheibriados appreciates the change of pace.
The orc hits you but does no damage. The ogre barely misses you.
You smack the ogre!
The ogre is moderately wounded.
The orc priest hits you but does no damage.
You smack the ogre!
The ogre is severely wounded.
The orc hits you with a flail. The ogre hits you with a giant club!
* * * LOW HITPOINT WARNING * * *
The orc priest looks satisfied for a moment.
You hit the ogre but do no damage.
The ogre is severely wounded.
The orc hits you but does no damage.
The orc priest mumbles some strange prayers to Beogh against you.
Beogh smites you!
You die...

##..........##.##
###..####..#
.....#####.###..#
##.....##.##
......#((.......##
##..###.#†...
........#######..# #..##
#.#..## ........#
#..####.#####......
......(##
#..............#...
.....).#
##...#...####..#...
.......#### #...#.###
##..###.
.......)..######♣....#
#...##..
.....O###...##.ooO####
###.#....# ......
#........W...##
#.......## .....o
#.###.######..###.##.#.##
.............#
##.....#..#..#
∩......##.####
####....###.## .........
##...#.......# .....
#..##..#####.. ....
#.#...## #


You could see a phantom, an ogre, an orc priest and an orc.

Vanquished Creatures
  An ogre (D:4)
  A crimson imp (D:5)
  2 orc wizards
  A centaur skeleton (D:3)
  3 worker ants
  7 adders
  An ooze (D:2)
  An adder skeleton (D:5)
  2 dart slugs
  4 leopard geckos
  4 orcs
  5 giant cockroaches
  9 goblins
  8 hobgoblins
  7 jackals
  4 kobolds
  3 quokkas
  A ball python (D:3)
  4 bats
  6 frilled lizards
  7 rats
81 creatures vanquished.

Notes
Turn   | Place    | Note
-------+----------+-------------------------------------------
     0 | D:1      | kae the Octopode Transmuter began the quest for the Orb.
     0 | D:1      | Reached XP level 1. HP: 13/13 MP: 3/3
   133 | D:1      | Reached XP level 2. HP: 5/18 MP: 5/5
   802 | D:1      | Reached XP level 3. HP: 17/23 MP: 6/6
  1293 | D:2      | Reached XP level 4. HP: 20/28 MP: 7/7
  2661 | D:3      | Found a sacrificial altar of Ru.
  2669 | D:3      | Reached XP level 5. HP: 24/34 MP: 6/8
  3185 | D:3      | You fall through a shaft for 2 floors!
  3185 | D:5      | Entered Level 5 of the Dungeon
  3212 | D:5      | Reached XP level 6. HP: 21/39 MP: 8/10
  3668 | D:4      | Found a staircase to the Ecumenical Temple.
  3682 | Temple   | Entered the Ecumenical Temple
  3686 | Temple   | Learned a level 2 spell: Sticks to Snakes
  3690 | Temple   | Learned a level 3 spell: Spider Form
  3856 | Temple   | Became a worshipper of Cheibriados the Contemplative
  3969 | D:4      | Found Xuucief's Book Boutique.
  3986 | D:4      | Noticed a phantom
  4002 | D:4      | Killed from afar by an orc priest

Skill      XL: |  1  2  3  4  5  6 |
---------------+-------------------+-----
Transmutations | 3 4 |  4.2
Fighting       | 2 |  2.5
Unarmed Combat | 4 |  4.7
Dodging        | 3 |  3.1
Spellcasting   | 3 |  3.0

Action                   |  1- 3 |  4- 6 || total
-------------------------+-------+-------++-------
Melee: Unarmed           |    69 |   141 ||   210
       Tentacles         |    11 |    25 ||    36
       Constrict         |    17 |    34 ||    51
       Kick              |     4 |    18 ||    22
       Punch             |     1 |     3 ||     4
 Cast: Beastly Appendage |     5 |    13 ||    18
       Spider Form       |       |     2 ||     2
  Use: Potion            |       |     3 ||     3
 Stab: Sleeping          |     4 |     2 ||     6
       Paralysed         |       |     1 ||     1
  Eat: Chunk             |     1 |     8 ||     9
Armor: Skin              |     7 |    13 ||    20
Dodge: Dodged            |    45 |    88 ||   133
